 Dungeon Crawl Stone Soup version 0.27-a0-1334-g2746e35aca (webtiles) character file.

Game seed: 9314422851836695334

78 dickylongcocking the Magician (level 4, -1/34 HPs)
             Began as a Djinni Fire Elementalist on June 26, 2021.
             Slain by a hobgoblin (4 damage)
             ... led by Robin
             ... on level 2 of the Dungeon.
             The game lasted 00:01:29 (1882 turns).

dickylongcocking the Magician (DjFE)                Turns: 1882, Time: 00:01:30

Health: -1/34      AC:  2    Str:  7    XL:     4   Next: 61%
Gold:   47         EV: 12    Int: 18    God:
                   SH:  0    Dex: 13

rFire    + + .     SeeInvis .   j - +0 quarterstaff
rCold    x . .     Faith    .   (shield currently unavailable)
rNeg     . . .     Spirit   .   a - +0 robe
rPois    ∞         Reflect  .   (no helmet)
rElec    .         Harm     .   (no cloak)
rCorr    .         Rampage  .   (no gloves)
Will     .....                  (boots unavailable)
Stlth    ++........             (no amulet)
HPRegen  0.11/turn              (no ring)
MPRegen  0.00/turn              (no ring)

@: on berserk cooldown, flying, very slightly contaminated, slowed, very slow
A: sickness immunity, fire resistance 2, cold vulnerability 1, float, innate
caster, hp casting, extra vitality 1
a: no special abilities


You were on level 2 of the Dungeon.
You visited 1 branch of the dungeon, and saw 2 of its levels.

You collected 47 gold pieces.

Inventory:

Hand Weapons
 b - a +0 short sword
 j - a +0 quarterstaff (weapon)
Armour
 a - a +0 robe (worn)
Scrolls
 c - a scroll of identify {unknown}
 d - a scroll of enchant weapon {unknown}
 f - a scroll of enchant armour {unknown}
 g - a scroll of fog {unknown}
 h - a scroll of immolation {unknown}
 i - a scroll of fear {unknown}
 k - a scroll of acquirement {unknown}
 l - a scroll of teleportation {unknown}
Potions
 e - a potion of haste {unknown}
 n - a potion of cancellation


   Skills:
 * Level 2.3 Fighting
 - Level 2.2 Dodging
 - Level 1.6 Stealth
 * Level 3.3 Spellcasting


You couldn't memorise any spells.
You knew the following spells:

 Your Spells              Type           Power      Damage    Failure   Level
a - Foxfire               Conj/Fire      56%        2x1d6     4%          1
b - Conjure Flame         Conj/Fire      14%        6-21      12%         3
c - Inner Flame           Hex/Fire       14%        N/A       12%         3
d - Sticky Flame          Conj/Fire      14%        2d4       38%         4
e - Fireball              Conj/Fire      7%         3d5       75%         5
f - Animate Skeleton      Necr           28%        N/A       4%          1
Your spell library was empty.

Dungeon Overview and Level Annotations

Branches:
Dungeon (2/15)

Altars:

Annotations:
D:2 Robin


Innate Abilities, Weirdness & Mutations

You are immune to sickness and miasma.
You are immune to poison.
Your flesh is very heat resistant. (rF++)
You are vulnerable to cold. (rC-)
You float through the air rather than walking.
You learn spells naturally, not from books.
Your magical power is your life essence.
You have superior vitality. (+4 HP)


Message History

It was a potion of cancellation.
You feel magically purged.
Your magical contamination has completely faded away.
Drinking this now will have no effect.
It was a potion of berserk rage.
A red film seems to cover your vision as you go berserk!
You feel yourself moving faster!
You feel mighty!
Unknown command.
You feel a strong urge to attack something.
You feel your anger nearly subside.
Found 22 stones.
You are no longer berserk.
You are exhausted.
You feel yourself slow down.
The hobgoblin no longer looks unusually strong.
Casting: Foxfire (safe; 4% risk of failure)
Confirm with . or Enter, or press ? or * to list all spells.
You conjure some foxfire!
* * * LOW HITPOINT WARNING * * *
Unknown command.
Unknown command.
Your foxfire dissipates!
The foxfire hits the hobgoblin.
The hobgoblin is severely wounded.
Casting: Foxfire (safe; 4% risk of failure)
Confirm with . or Enter, or press ? or * to list all spells.
You miscast Foxfire.
You are very lightly contaminated with residual magic.
Nothing appears to happen.
* * * LOW HITPOINT WARNING * * *
Unknown command.
Unknown command.
Casting: Foxfire (safe; 4% risk of failure)
Confirm with . or Enter, or press ? or * to list all spells.
You miscast Foxfire.
Nothing appears to happen.
* * * LOW HITPOINT WARNING * * *
The hobgoblin barely misses you.
Unknown command.
Unknown command.
The hobgoblin hits you.
You die...

##### #...# #...# ##...####
........##############
................@gg..#
........############g#
##...#### #.# #...########
#.# ##........... # #.#
...............##.##g######
.##..#########.........(..#
.##..######
###..##.####.####
...........#
#.#.##.###......


You could see Robin, a hobgoblin and a goblin.

Vanquished Creatures
  Jessica (D:2)
  2 adders (D:2)
  5 ball pythons
  A bat (D:2)
  2 endoplasms (D:2)
  8 goblins
  5 hobgoblins
  4 frilled lizards
  3 kobolds (D:1)
  2 rats
33 creatures vanquished.

Vanquished Creatures (others)
  133 foxfires
133 creatures vanquished.

Grand Total: 166 creatures vanquished

Notes
Turn   | Place    | Note
-------+----------+-------------------------------------------
     0 | D:1      | dickylongcocking the Djinni Fire Elementalist began the
                  | quest for the Orb.
     0 | D:1      | Reached XP level 1. HP: 15/15 MP: 0/0
   247 | D:1      | Reached XP level 2. HP: 12/22 MP: 0/0
   785 | D:1      | Found a faded altar of an unknown god.
  1108 | D:2      | Reached skill level 1 in Fighting
  1108 | D:2      | Reached XP level 3. HP: 18/27 MP: 0/0
  1108 | D:2      | Learned a level 1 spell: Animate Skeleton
  1198 | D:2      | Noticed Jessica
  1206 | D:2      | Killed Jessica
  1207 | D:2      | Reached skill level 3 in Spellcasting
  1345 | D:2      | Reached XP level 4. HP: 30/33 MP: 0/0
  1852 | D:2      | Noticed Robin
  1882 | D:2      | Slain by a hobgoblin

Illustrated notes

Levels and vault maps discovered:
D:1:      minmay_arrival_three_doors, layout_basic,
          shapermc_ecumenical_altar_venn, minmay_misc_feat_enclosed,
          minmay_misc_feat_square
D:2:      layout_loops_ring, uniq_robin, uniq_jessica

Skill      XL: |  1  2  3  4 |
---------------+-------------+-----
Fighting       | 1 2 |  2.3
Spellcasting   | 3 |  3.3
Dodging        | |  2.2
Stealth        | |  1.6

Action                   |  1- 3 |  4- 6 || total
-------------------------+-------+-------++-------
Melee: Quarterstaff      |     1 |     4 ||     5
       Short sword       |     1 |       ||     1
 Cast: Foxfire           |    47 |    48 ||    95
       Inner Flame       |       |     1 ||     1
  Use: Potion            |       |     2 ||     2
Armor: Robe              |       |     2 ||     2
Dodge: Dodged            |     5 |     5 ||    10

Table legend: (Time is in decaauts)
 A = Elapsed time spent in this place.
 B = Non-inter-level travel time spent in this place.
 C = Inter-level travel time spent in this place.
 D = Time resting spent in this place.
 E = Time spent auto-exploring this place.
 F = Levels seen in this place.
 G = Mean time per level.
                   A        B        C        D        E       F      G
               +--------+--------+--------+--------+--------+-----+--------+
         Total |   1886 |   1830 |     56 |      0 |   1615 |   2 |  943.0 |
       Dungeon |   1886 |   1830 |     56 |      0 |   1615 |   2 |  943.0 |
               +--------+--------+--------+--------+--------+-----+--------+

Top non-repeatable levels by time:
     D:1: 1095 daAuts
     D:2: 791 daAuts
